 Dungeon Crawl Stone Soup version 0.31.0-11-ge490571c62 (webtiles) character file.

Game seed: 5374362479008666615

1003 firemarshallily the Vexing (level 8, -1/60 HPs)
             Began as a Gnoll Hexslinger on Feb 10, 2024.
             Was a Believer of the Shining One.
             Killed by nerve-wracking pain
             ... invoked by a shadow imp
              (3 damage)
             ... on level 6 of the Dungeon.
             The game lasted 00:15:13 (4155 turns).

firemarshallily the Vexing (Gnoll Hexslinger)       Turns: 4155, Time: 00:15:14

Health: -1/60      AC:  4    Str:  8 (10) XL:     8   Next: 20%
Magic:  11/14      EV: 13    Int: 10 (13) God:    the Shining One [**....]
Gold:   91         SH:  7    Dex: 11 (14) Spells: 9/15 levels left

rFire   . . .        a - +1 sling
rCold   . . .        (no shield)
rNeg    + + .        c - +0 robe
rPois   .            (no helmet)
rElec   .            k - +0 cloak
rCorr   .            C - +0 pair of gloves
SInv    +            (no boots)
Will    .....        (no amulet)
Stlth   +            n - ring of see invisible
HPRegen 0.30/turn    e - ring of positive energy
MPRegen 0.14/turn

%: no passive effects
@: divinely shielded, about to teleport, weak-willed, enlightened, flying,
hasted, glowing, invisible (but backlit and visible), very quick
A: fangs 1, strong nose, distributed training
a: Renounce Religion, Divine Shield


You were on level 6 of the Dungeon.
You worshipped the Shining One.
The Shining One was pleased with you.
You visited 2 branches of the dungeon, and saw 7 of its levels.

You collected 371 gold pieces.
You spent 280 gold pieces at shops.

Inventory:

Hand Weapons
 a - a +1 sling (weapon)
Missiles
 y - 4 poisoned darts
Armour
 c - a +0 robe (worn)
 f - a +0 ring mail
 k - a +0 cloak (worn)
 s - a +1 chain mail of fire resistance
 C - a +0 pair of gloves (worn)
Magical Staves
 z - a staff of conjuration
Jewellery
 e - a ring of positive energy (right hand)
 n - a ring of see invisible (left hand)
Wands
 E - a wand of flame (20)
Scrolls
 b - 2 scrolls of poison
 g - 2 scrolls of teleportation
 j - 4 scrolls of enchant armour
 l - 3 scrolls of vulnerability
 m - 2 scrolls of torment
 t - a scroll of fear
 x - a scroll of amnesia
 B - a scroll of fog
Potions
 d - 2 potions of resistance
 o - 2 potions of enlightenment
 p - a potion of magic {unknown}
 q - a potion of might {unknown}
 r - a potion of lignification
 A - 2 potions of berserk rage


   Skills:
 + Level 4.1 Fighting
 + Level 3.2 Short Blades
 + Level 3.2 Long Blades
 + Level 3.2 Axes
 + Level 3.2 Maces & Flails
 + Level 3.2 Polearms
 + Level 3.2 Staves
 + Level 5.6 Ranged Weapons
 + Level 3.2 Throwing
 + Level 3.2 Armour
 + Level 5.6 Dodging
 + Level 3.2 Stealth
 + Level 3.2 Shields
 + Level 3.2 Unarmed Combat
 + Level 4.3 Spellcasting
 + Level 2.6 Conjurations
 + Level 6.1 Hexes
 + Level 2.6 Summonings
 + Level 2.6 Necromancy
 + Level 2.6 Translocations
 + Level 3.4 Fire Magic
 + Level 2.6 Ice Magic
 + Level 2.6 Air Magic
 + Level 2.6 Earth Magic
 + Level 2.6 Alchemy
 + Level 3.5 Invocations
 + Level 3.2 Evocations
 + Level 2.9 Shapeshifting


You had 9 spell levels left.
You knew the following spells:

 Your Spells              Type           Power      Damage    Failure   Level
a - Jinxbite              Hex            28%        N/A       3%          2
b - Cause Fear            Hex            7%         N/A       21%         4

Your spell library contained the following spells:

 Spells                   Type           Power      Damage    Failure   Level
 Ensorcelled Hibernation  Hex/Ice        20%        N/A       6%          2
 Sigil of Binding         Hex            14%        N/A       6%          3
 Scorch                   Fire           18%        2d5       9%          2
 Inner Flame              Hex/Fire       11%        N/A       11%         3
 Cigotuvi's Dreadful Rot  Necr/Alch/Air  14%        N/A       13%         2
 Mercury Vapours          Alch/Air       14%        N/A       13%         2
 Passwall                 Erth           7%         N/A       26%         3
 Swiftness                Air            7%         N/A       26%         3
 Dimensional Bullseye     Hex/Tloc       5%         N/A       38%         4
 Dispel Undead            Necr           7%         3d8       63%         4
 Fulminant Prism          Conj/Alch      3%         3d5       63%         4
 Leda's Liquefaction      Alch/Erth      3%         N/A       63%         4
 Martyr's Knell           Necr/Summ      7%         N/A       63%         4
 Death Channel            Necr           3%         N/A       100%        6
 Eringya's Noxious Bog    Alch           3%         4d6       100%        6


Dungeon Overview and Level Annotations

Branches:
Dungeon (6/15)             Temple (1/1) D:5

Altars:
Ashenzari
Cheibriados
Elyvilon
Fedhas
Hepliaklqana
Kikubaaqudgha
Makhleb
Nemelex Xobeh
Ru
Sif Muna
Trog
Uskayaw
Wu Jian
Xom
Yredelemnul
Zin
The Shining One

Shops:
D:4 (   D:5 *

Annotations:
D:5 1 runed translucent door, RancidPinata's ghost, novice OpDe


Innate Abilities, Weirdness & Mutations

You have very sharp teeth.
Your uncanny sense of smell can sniff out nearby items.
Your experience applies equally to all skills.


Message History

You hear a sizzling splash.
The kobold throws a stone.
The stone hits you but does no damage. The phantom hits you.
* * * LOW HITPOINT WARNING * * *
The kobold throws a poisoned dart.
The poisoned dart closely misses you. The ice beast completely misses you.
It was a potion of degeneration.
There was something very wrong with that liquid.
You feel weakened.
You feel dopey.
You feel clumsy. You block the orc warrior's attack.
The kobold throws a stone.
The stone closely misses you. The phantom completely misses you.
The ice beast hits you but does no damage.
The jelly hits you but does no damage.
It was a potion of invisibility.
You become transparent, but the glow from your halo prevents you from becoming completely invisible.
The orc warrior is engulfed in noxious fumes.
The orc warrior appears confused.
You block the orc warrior's attack. The ice beast hits you.
* * * LOW HITPOINT WARNING * * *
The ice beast freezes you!
* * * LOW HITPOINT WARNING * * *
The phantom closely misses you. The jelly barely misses you.
It was a potion of haste.
You feel yourself speed up.
You hear the slow hiss of a distant avalanche of sand.
The orc warrior grins madly.
The orc warrior barely misses the phantom.
The shadow imp barely misses you.
The orc warrior splashes around in the water.
The ice beast barely misses you. The phantom hits you.
* * * LOW HITPOINT WARNING * * *
The kobold throws a stone.
The stone barely misses you.
The stone hits the shadow imp but does no damage.
The jelly jiggles.
The jelly barely misses you.
You feel very buoyant.
You fly up into the air.
The orc warrior closely misses the phantom.
The shadow imp gestures at you. Pain shoots through your body!
You die...

*** *,**,,,,,,,,*
,,*****,**,##.##..*
*,,,∆,,,∆.,,......*
*********#.##.##.#*
######## *.K.K.K.#
######## ###≈≈≈§≈##
##########§§≈~.~≈§#
....#......≈..☼J~≈#
###.#......≈..oY@≈#
...........§§~.W5≈#
.##.#..?...§≈§o~≈≈#
.##.#......§§§.≈§.#
....##########§.#.#
†####...,,,,*##...#
.####.##***,* ###.#
.####.##***,*****.#
.####.##,,,,,,,,,,*


You could see 2 orc warriors, an ice beast, a kobold brigand, a phantom, a
jelly, a shadow imp and 2 kobolds.

Vanquished Creatures
  2 ice beasts (D:5)
  An ogre (D:4)
  2 phantoms (D:5)
  2 bullfrogs
  2 scorpions (D:5)
  A killer bee (D:6)
  A hound (D:5)
  3 bombardier beetles
  An iguana (D:5)
  An orc wizard (D:5)
  6 adders
  A white imp (D:6)
  2 dart slugs
  A ribbon worm (D:2)
  4 orcs (D:5)
  5 ball pythons
  6 endoplasms
  3 giant cockroaches
  6 hobgoblins
  11 jackals
  5 kobolds
  6 quokkas
  3 bats
  3 frilled lizards
  6 goblins
  2 rats
86 creatures vanquished.

Vanquished Creatures (others)
  2 ogres (D:6)
  A howler monkey (D:6)
  An adder (D:6)
4 creatures vanquished.

Grand Total: 90 creatures vanquished

Notes
Turn   | Place    | Note
-------+----------+-------------------------------------------
     0 | D:1      | firemarshallily the Gnoll Hexslinger began the quest for
                  | the Orb.
     0 | D:1      | Reached XP level 1. HP: 17/17 MP: 4/4
   320 | D:1      | Reached XP level 2. HP: 23/23 MP: 5/5
   385 | D:1      | Found a faded altar of an unknown god.
   406 | D:1      | Prayed at the altar of an unknown god.
   406 | D:1      | Became a worshipper of the Shining One
   406 | D:1      | Reached * piety under the Shining One
   710 | D:2      | Noticed a bombardier beetle
   808 | D:2      | Killed a bombardier beetle
   809 | D:2      | Reached skill level 1 in Short Blades
   809 | D:2      | Reached skill level 1 in Long Blades
   809 | D:2      | Reached skill level 1 in Axes
   809 | D:2      | Reached skill level 1 in Maces & Flails
   809 | D:2      | Reached skill level 1 in Polearms
   809 | D:2      | Reached skill level 1 in Staves
   809 | D:2      | Reached skill level 1 in Throwing
   809 | D:2      | Reached skill level 1 in Armour
   809 | D:2      | Reached skill level 1 in Stealth
   809 | D:2      | Reached skill level 1 in Shields
   809 | D:2      | Reached skill level 1 in Unarmed Combat
   809 | D:2      | Reached skill level 1 in Invocations
   809 | D:2      | Reached skill level 1 in Evocations
   809 | D:2      | Reached XP level 3. HP: 28/28 MP: 7/7
   916 | D:2      | Reached skill level 1 in Shapeshifting
   916 | D:2      | Reached XP level 4. HP: 34/34 MP: 8/8
   970 | D:2      | Learned a level 2 spell: Jinxbite
   975 | D:2      | Learned a level 4 spell: Cause Fear
  1036 | D:2      | Reached skill level 1 in Conjurations
  1036 | D:2      | Reached skill level 1 in Summonings
  1036 | D:2      | Reached skill level 1 in Necromancy
  1036 | D:2      | Reached skill level 1 in Translocations
  1036 | D:2      | Reached skill level 1 in Ice Magic
  1036 | D:2      | Reached skill level 1 in Air Magic
  1036 | D:2      | Reached skill level 1 in Earth Magic
  1036 | D:2      | Reached skill level 1 in Alchemy
  1774 | D:3      | Reached XP level 5. HP: 21/40 MP: 9/9
  1936 | D:3      | Found a hide-covered altar of Uskayaw.
  1936 | D:3      | Found a blossoming altar of Fedhas.
  1945 | D:3      | Found a glowing silver altar of Zin.
  1947 | D:3      | Found a faded altar of an unknown god.
  1949 | D:3      | Found a glowing golden altar of the Shining One.
  2519 | D:4      | Noticed a +0 demon whip
  2543 | D:4      | Found Samp's Weapon Emporium.
  2545 | D:4      | Noticed a +0 giant spiked club
  2615 | D:4      | Reached ** piety under the Shining One
  2672 | D:4      | Noticed an ogre
  2682 | D:4      | Killed an ogre
  2683 | D:4      | Reached skill level 5 in Ranged Weapons
  2683 | D:4      | Reached skill level 5 in Dodging
  2683 | D:4      | Reached XP level 6. HP: 43/47 MP: 9/11
  2942 | D:5      | Entered Level 5 of the Dungeon
  2962 | D:5      | Found a runed translucent door.
  2962 | D:5      | Noticed RancidPinata's ghost (novice OpDe)
  3103 | D:5      | Reached XP level 7. HP: 49/52 MP: 12/12
  3107 | D:5      | Found Jyequac's General Store.
  3113 | D:5      | Bought a scroll of vulnerability for 56 gold pieces
  3113 | D:5      | Bought a potion of enlightenment for 70 gold pieces
  3113 | D:5      | Bought a potion of berserk rage for 70 gold pieces
  3113 | D:5      | Bought a scroll of fog for 56 gold pieces
  3113 | D:5      | Bought a scroll of identify for 28 gold pieces
  3383 | D:5      | Got the Commentary on Burning Venin
  3453 | D:5      | Reached skill level 6 in Hexes
  3632 | D:5      | Reached XP level 8. HP: 43/60 MP: 14/14
  3940 | D:5      | Found a staircase to the Ecumenical Temple.
  3960 | Temple   | Entered the Ecumenical Temple
  4140 | D:6      | Found a shimmering altar of Xom.
  4154 | D:6      | HP: 2/60 [phantom (3)]
  4155 | D:6      | Killed from afar by a shadow imp

Illustrated notes

Levels and vault maps discovered:
D:1:      evilmike_arrival_rings, layout_rooms,
          hellmonk_ecumenical_altar_crossroads
D:2:      layout_rooms
D:3:      layout_loops_cross, chequers_temple_overflow_minitemple
D:4:      layout_rooms, serial_shops, nicolae_shop_mannequins
D:5:      layout_basic, minmay_temple_entry_arrows, serial_shops,
          nicolae_shop_peninsula, gammafunk_ghost_grave,
          kennysheep_generic_room_9
D:6:      layout_loops_cross, xom_confusion_cloud, enter_ossuary_2,
          uniq_prince_ribbit1, uniq_maggie, uniq_edmund, uniq_grinder
Temple:   hellmonk_temple_flake

Skill      XL: |  1  2  3  4  5  6  7 |
---------------+----------------------+-----
Fire Magic     | 2 3 |  3.4
Short Blades   | 1 2 3 |  3.2
Long Blades    | 1 2 3 |  3.2
Axes           | 1 2 3 |  3.2
Maces & Flails | 1 2 3 |  3.2
Polearms       | 1 2 3 |  3.2
Staves         | 1 2 3 |  3.2
Throwing       | 1 2 3 |  3.2
Armour         | 1 2 3 |  3.2
Stealth        | 1 2 3 |  3.2
Shields        | 1 2 3 |  3.2
Unarmed Combat | 1 2 3 |  3.2
Invocations    | 1 2 3 |  3.5
Evocations     | 1 2 3 |  3.2
Shapeshifting  | 1 2 |  2.9
Spellcasting   | 3 4 |  4.3
Conjurations   | 1 2 |  2.6
Summonings     | 1 2 |  2.6
Necromancy     | 1 2 |  2.6
Translocations | 1 2 |  2.6
Ice Magic      | 1 2 |  2.6
Air Magic      | 1 2 |  2.6
Earth Magic    | 1 2 |  2.6
Alchemy        | 1 2 |  2.6
Fighting       | 3 4 |  4.1
Ranged Weapons | 5 |  5.6
Dodging        | 5 |  5.6
Hexes          | 6 |  6.1

Action                     |  1- 3 |  4- 6 |  7- 9 || total
---------------------------+-------+-------+-------++-------
   Fire: Sling             |    84 |   208 |   248 ||   540
   Cast: Jinxbite          |       |       |     1 ||     1
 Invoke: Divine Shield     |       |       |     1 ||     1
    Use: Scroll            |       |       |    10 ||    10
         Potion            |       |       |    10 ||    10
 Armour: Robe              |    34 |    49 |    73 ||   156
         Skin              |       |       |    20 ||    20
  Dodge: Dodged            |    42 |    67 |    86 ||   195
  Block: Other             |       |       |     4 ||     4
